 Dungeon Crawl Stone Soup version 0.26.1-2-gb8aa6d0cf2 (webtiles) character file.

Game seed: 13941496268040812146

619 Groucho the Covert (level 7, -2/24 HPs)
             Began as a Felid Enchanter on Mar 13, 2021.
             Was an Initiate of Hepliaklqana.
             Slain by an orc warrior
             ... wielding a cursed -2 mace
              (19 damage)
             ... on level 6 of the Dungeon on Mar 14, 2021.
             The game lasted 00:16:29 (14301 turns).

Groucho the Covert (Felid Enchanter)               Turns: 14301, Time: 00:16:30

Health: -2/24      AC:  2    Str:  6    XL:     7   Next: 21%
Magic:  6/14       EV: 20    Int: 17    God:    Hepliaklqana [......]
Gold:   200        SH:  0    Dex: 16    Spells: 2/15 levels left
                                        Lives:  0   Deaths: 2

rFire    . . .     SeeInvis +     - Unarmed
rCold    . . .     Faith    .   (shield unavailable)
rNeg     . . .     Spirit   .   (armour unavailable)
rPois    .         Reflect  .   (helmet unavailable)
rElec    .         Harm     .   (cloak unavailable)
rCorr    .         Rampage  .   (gloves unavailable)
Will     +....                  (boots unavailable)
Stlth    +++++.....             q - amulet of the acrobat
HPRegen  0.08/turn              (no ring)
MPRegen  0.14/turn              (no ring)

@: quick
A: very small, no armour, no weapons or thrown items, stealth, reduced essence,
claws 1, fangs 3, see invisible, speed 1, shaggy fur 2, sharp paws
a: Renounce Religion, Recall Ancestor, Ancestor Identity


You were on level 6 of the Dungeon.
You worshipped Hepliaklqana.
Hepliaklqana was noncommittal.
You visited 2 branches of the dungeon, and saw 7 of its levels.

You collected 200 gold pieces.

Inventory:

Jewellery
 o - an uncursed amulet of regeneration
 q - an amulet of the acrobat (around neck)
 u - an uncursed ring of ice {unknown}
Scrolls
 c - 7 scrolls of identify
 d - a scroll of immolation {unknown}
 f - a scroll of blinking {unknown}
 j - 2 scrolls of teleportation {unknown}
 k - a scroll of enchant armour {unknown}
 l - a scroll of fear {unknown}
 r - a scroll of remove curse {unknown}
 v - a scroll of fog {unknown}
Potions
 a - a potion of mutation {unknown}
 b - 2 potions of curing
 e - 2 potions of might {unknown}
 h - a potion of invisibility {unknown}
 i - a potion of cancellation {unknown}
 m - 2 potions of lignification {unknown}
 n - a potion of brilliance {unknown}
 p - a potion of berserk rage {unknown}
 s - 3 potions of magic {unknown}
 t - a potion of ambrosia {unknown}


   Skills:
 + Level 4.4 Dodging
 + Level 9.7 Stealth
 + Level 2.8 Unarmed Combat
 + Level 4.6 Spellcasting
 + Level 8.1 Hexes
 + Level 2.5 Transmutations


You had 2 spell levels left.
You knew the following spells:

 Your Spells              Type           Power        Failure   Level
a - Corona                Hex            34%          1%          1
b - Ensorcelled Hibernat  Hex/Ice        34%          4%          2
c - Confusing Touch       Hex            31%          1%          3
d - Tukima's Dance        Hex            31%          1%          3
e - Dazzling Flash        Conj/Hex       34%          9%          3
f - Beastly Appendage     Tmut           24%          5%          1

Your spell library contained the following spells:

 Spells                   Type           Power        Failure   Level
 Wereblood                Tmut           12%          8%          2
 Spider Form              Tmut/Pois      4%           26%         3
 Ice Form                 Ice/Tmut       8%           65%         4
 Blade Hands              Tmut           6%           82%         5


Dungeon Overview and Level Annotations

Branches:
Dungeon (6/15)             Temple (1/1) D:5

Altars:
Cheibriados
Dithmenos
Fedhas
Gozag
Hepliaklqana
Kikubaaqudgha
Makhleb
Nemelex Xobeh
Okawaru
Qazlal
Ru
Sif Muna
Trog
Wu Jian
The Shining One

Shops:
D:5 =


Innate Abilities, Weirdness & Mutations

You cannot wear armour.
You are incapable of wielding weapons or throwing items.
Your paws allow you to move quietly. (Stealth)
You have sharp claws.
You have razor-sharp teeth.
You have supernaturally acute eyesight. (SInv)
You cover ground quickly.
You are covered in thick fur. (AC +2)
Your sharp claws are effective at attacking unaware monsters.
Your life essence is reduced to manifest your ancestor. (-10% HP)


Message History

You barely miss the orc warrior.
The orc warrior is moderately wounded.
Chico hits the orc warrior but does no damage.
The orc warrior hits Chico with a cursed -2 mace.
You scratch the orc warrior. Your bite misses the orc warrior.
The orc warrior is heavily wounded.
Chico barely misses the orc warrior.
The orc warrior misses you.
You scratch the orc warrior but do no damage.
The orc warrior is heavily wounded.
Chico hits the orc warrior but does no damage.
You scratch the orc warrior.
The orc warrior is heavily wounded.
The orc warrior closely misses Chico.
Chico hits the orc warrior but does no damage.
You scratch the orc warrior but do no damage.
The orc warrior is heavily wounded.
Chico hits the orc warrior.
The orc warrior hits you with a cursed -2 mace!!
Ouch! That really hurt!
You die...

##...........#.#
#######.....# #### ..#
#†....# ###... ########## #.#
#.#...# #.....
#........###.###.#..##.#.....
#........##...##.##.##.#.....
#........##...##.##.##.#.....
#........##.o.##.##..#.#.....
#........##R@.#....#.#.###'#.
#....†)..''...#....#.#.# #.#.
#........##...#....#.#.# #R#.
#........##...#....#...###)#.
#####.#########.......R...)#.
#.# ........#..#####. #.#
###.....##># . #.# #.....##.#
#.# #####.##.#


You could see the friendly Chico the ancestor and an orc warrior (confused).

Vanquished Creatures
  3 ogres
  A centaur (D:6)
  Blork the orc (D:4)
  A bullfrog (D:6)
  3 scorpions (D:4)
  A jelly (D:6)
  A bullfrog skeleton (D:5)
  3 hounds
  An orc priest (D:6)
  An orc wizard (D:4)
  Jessica (D:2)
  An iguana (D:5)
  2 worker ants (D:4)
  5 adders
  3 ufetubi
  An adder zombie (D:5)
  An adder skeleton (D:5)
  A worm (D:2)
  A dart slug (D:1)
  3 leopard geckos
  7 orcs
  8 giant cockroaches
  4 hobgoblins (D:1)
  11 jackals
  2 quokkas
  11 bats
  6 frilled lizards
  8 goblins
  6 kobolds
  4 rats
102 creatures vanquished.

Vanquished Creatures (collateral kills)
  An ice beast (D:6)
  A black bear (D:6)
  A bullfrog (D:6)
  An iguana (D:5)
  2 orcs
6 creatures vanquished.

Vanquished Creatures (others)
  2 ancestors (D:6)
2 creatures vanquished.

Grand Total: 110 creatures vanquished

Notes
Turn   | Place    | Note
-------+----------+-------------------------------------------
     0 | D:1      | Groucho the Felid Enchanter began the quest for the Orb.
     0 | D:1      | Reached XP level 1. HP: 7/7 MP: 4/4
   435 | D:1      | Reached XP level 2. HP: 6/11 MP: 6/6
   448 | D:1      | Learned a level 2 spell: Ensorcelled Hibernation
  2578 | D:2      | Reached skill level 5 in Stealth
  2688 | D:2      | Reached XP level 3. HP: 11/14 MP: 4/7
  3201 | D:2      | Found a stormy altar of Qazlal.
  3735 | D:2      | Learned a level 3 spell: Confusing Touch
  3741 | D:2      | Noticed Jessica
  4103 | D:2      | Killed Jessica
  4104 | D:2      | Reached skill level 5 in Hexes
  4104 | D:2      | Reached XP level 4. HP: 8/18 MP: 5/8
  6702 | D:3      | Reached skill level 6 in Stealth
  7226 | D:4      | Reached XP level 5. HP: 7/21 MP: 10/10
  7738 | D:4      | Noticed an ogre
  7751 | D:4      | Killed an ogre
  7752 | D:4      | Reached skill level 7 in Stealth
  8279 | D:4      | Learned a level 3 spell: Tukima's Dance
  8337 | D:4      | Gained mutation: You are covered in thick fur. (AC +2)
                  | [Felid growth]
  8337 | D:4      | Reached XP level 6. HP: 24/24 MP: 6/11
  8779 | D:4      | Noticed Blork the orc
  8806 | D:4      | Killed Blork the orc
  9320 | D:4      | Reached skill level 8 in Stealth
  9720 | D:5      | Entered Level 5 of the Dungeon
 10311 | D:4      | Reached XP level 7. HP: 21/27 MP: 9/13
 10751 | D:4      | Reached skill level 9 in Stealth
 11439 | D:5      | Found Pyony's Jewellery Emporium.
 11763 | D:5      | Learned a level 3 spell: Dazzling Flash
 11765 | D:5      | Learned a level 1 spell: Beastly Appendage
 11893 | D:5      | Found a staircase to the Ecumenical Temple.
 11920 | Temple   | Entered the Ecumenical Temple
 12202 | Temple   | Became a worshipper of Hepliaklqana the Forgotten
 12928 | D:6      | Reached skill level 1 in Transmutations
 13314 | D:6      | Slain by an orc warrior
 13315 | D:6      | Reached XP level 6. HP: -1/21 MP: 10/13
 13347 | D:6      | Reached XP level 7. HP: 10/24 MP: 4/14
 13363 | D:6      | Slain by an orc warrior
 13364 | D:6      | Reached XP level 6. HP: -4/21 MP: 3/13
 13679 | D:6      | Noticed an ice beast
 13688 | D:6      | Killed an ice beast
 13742 | D:6      | Reached XP level 7. HP: 24/24 MP: 14/14
 14301 | D:6      | Slain by an orc warrior

Illustrated notes

Levels and vault maps discovered:
D:1:      dpeg_arrival_boxes_within_box, layout_basic
D:2:      layout_basic, general_overflow_altar, uniq_jessica
D:3:      minmay_evil_eye, layout_basic
D:4:      layout_basic, uniq_blork_the_orc
D:5:      layout_cave_pools, minmay_temple_entry_glass, serial_shops,
          nicolae_shop_trees
D:6:      layout_basic, marbit_many_paths
Temple:   dpeg_chambers_temple

Skill      XL: |  1  2  3  4  5  6  7 |
---------------+----------------------+-----
Stealth        | 5 6 7 8 9 |  9.7
Hexes          | 5 6 8 |  8.1
Spellcasting   | 3 4 |  4.6
Dodging        | 4 3 |  4.4
Transmutations | 2 1 |  2.5
Unarmed Combat | 2 |  2.8

Action                   |  1- 3 |  4- 6 |  7- 9 || total
-------------------------+-------+-------+-------++-------
Melee: Unarmed           |   127 |   146 |   107 ||   380
       Bite              |     6 |    10 |     5 ||    21
       Headbutt          |       |     2 |     2 ||     4
 Cast: Ensorcelled Hiber |     9 |    29 |    16 ||    54
       Confusing Touch   |     2 |     6 |    12 ||    20
       Beastly Appendage |       |     3 |     3 ||     6
Invok: Recall Ancestor   |       |     1 |     2 ||     3
       Ancestor Identity |       |       |     1 ||     1
  Use: Potion            |       |       |     4 ||     4
       Scroll            |       |       |     2 ||     2
 Stab: Sleeping          |     8 |    29 |    14 ||    51
       Confused          |     1 |     5 |     6 ||    12
       Distracted        |       |     2 |       ||     2
Armor: Skin              |    11 |     4 |     6 ||    21
Dodge: Dodged            |   141 |   107 |    97 ||   345
